 Dungeon Crawl Stone Soup version 0.30-a0-652-gcc886f7154 (console) character file.

Game seed: 7866115388569336888

970 jejorda2 the Slasher (level 8, 0/64 HPs)
             Began as a Merfolk Berserker on Jan 17, 2023.
             Was a Priest of Trog.
             Succumbed to an orc's poison
             ... on level 4 of the Dungeon.
             The game lasted 00:10:42 (2488 turns).

jejorda2 the Slasher (Merfolk Berserker)            Turns: 2488, Time: 00:10:43

Health: 0/64       AC: 13    Str: 17    XL:     8   Next: 16%
Magic:  8/8        EV: 12    Int:  7    God:    Trog [***...]
Gold:   149        SH:  0    Dex: 15    Spells: 7/7 levels left

rFire   . . .      SeeInvis .    a - +2 short sword (elec)
rCold   . . .      Faith    .    (no shield)
rNeg    . . .      Spirit   .    v - +3 scale mail
rPois   .          Reflect  .    i - +1 helmet
rElec   .          Harm     .    w - +0 cloak
rCorr   .          Rampage  .    (no gloves)
Will    +....                    l - +0 pair of boots Stlth
                                 (no amulet)
HPRegen 0.30/turn                p - +4 ring of slaying
MPRegen 0.11/turn                g - ring of willpower

@: lethally poisoned (0 -> 0), flying, invisible
A: (nimble swimmer 2), mertail
a: Renounce Religion, Berserk, Trog's Hand


You were on level 4 of the Dungeon.
You worshipped Trog.
Trog was most pleased with you.
You visited 1 branch of the dungeon, and saw 4 of its levels.

You collected 149 gold pieces.

Inventory:

Hand Weapons
 a - a +2 short sword of electrocution (weapon)
 d - a +7 great sword
 u - a +0 long sword
Missiles
 e - 29 stones (quivered)
 q - 5 poisoned darts
 r - 2 boomerangs
Armour
 i - a +1 helmet (worn)
 l - a +0 pair of boots (worn)
 v - a +3 scale mail (worn)
 w - a +0 cloak (worn)
Jewellery
 g - a ring of willpower (right hand)
 p - a +4 ring of slaying (left hand)
Wands
 k - a wand of paralysis (7)
 s - a wand of polymorph (10)
Scrolls
 c - a scroll of enchant armour {unknown}
Potions
 b - a potion of berserk rage {unknown}
 j - a potion of flight
 n - a potion of brilliance {unknown}
 o - a potion of cancellation {unknown}
 t - a potion of curing {unknown}


   Skills:
 + Level 5.7 Fighting
 * Level 5.1(7.0) Short Blades
 + Level 7.3(8.1) Long Blades
 - Level 1.3 Armour
 - Level 6.0 Dodging


You had 7 spell levels left.
You didn't know any spells.
Your spell library was empty.

Dungeon Overview and Level Annotations

Branches:
Dungeon (4/15)
 Temple: D:4-7

Altars:


Innate Abilities, Weirdness & Mutations

((You are very nimble when in or above water. (Stealth+, EV+, Speed+++)))
Your lower body shifts to a powerful aquatic tail in water.


Message History

The orc misses you. The orc barely misses you. The gnoll misses you.
You feel the effects of Trog's Hand fading.
You feel sick. The orc hits you with a +0 club.
* * * LOW HITPOINT WARNING * * *
The orc closely misses you.
Items here: ) †.
You closely miss the orc.
You feel sick.
You closely miss the orc.
You recover from your berserk rage.
You feel sick. The orc closely misses you. The orc hits you with a +0 flail.
* * * LOW HITPOINT WARNING * * *
The orc closely misses you. The orc barely misses you.
You hit the orc.
The orc is heavily wounded.
You feel sick. The orc closely misses you. x2
The orc hits you but does no damage. The orc barely misses you.
You puncture the orc! Lightning courses through the orc!!
You kill the orc!
Trog accepts your kill.
You flicker back into view.
You fade into invisibility!
You feel sick. The orc closely misses you. The orc barely misses you.
The orc hits you but does no damage.
You catch the helpless orc completely off-guard!
You puncture the orc! Lightning courses through the orc!
You kill the orc!
Trog accepts your kill.
You feel sick. The orc barely misses you. x2
You feel sick.
You hit the orc but do no damage.
Your skin stops crawling.
You feel less strong-willed.
* * * LOW HITPOINT WARNING * * *
You feel sick.
You closely miss the orc. The orc barely misses you.
The orc hits you with a +0 flail.
* * * LOW HITPOINT WARNING * * *
It was a potion of flight.
You feel very buoyant.
You fly up into the air.
You die...

#### <..# ########
##.### #......# #...#
#......# #.#.#
#......# ####.#####
#.@g.(.# .........#
#.oo)..# ####.###.#
#...)..# #<#
.##.......)..# #.#
#.##.###......#
#)##...#............
#.........##.########
#..#.#>...... #..#
..#".###


You could see a gnoll (unable to see you) and 2 orcs.

Vanquished Creatures
  Pikel (D:4)
  An ogre (D:4)
  A lemure (D:4)
  2 necrophages (D:4)
  The ghost of superbruh the Ducker, a weakling DjGl (D:3)
  An orc priest (D:4)
  2 iguanas (D:4)
  An orc wizard (D:3)
  3 gnolls (D:4)
  6 adders
  A worm zombie (D:4)
  A worm (D:3)
  A dart slug (D:4)
  17 orcs
  7 bats
  An endoplasm (D:2)
  2 giant cockroaches
  6 goblins
  4 hobgoblins
  8 kobolds
  5 quokkas
  3 ball pythons
  6 frilled lizards
  2 rats
83 creatures vanquished.

Notes
Turn   | Place    | Note
-------+----------+-------------------------------------------
     0 | D:1      | jejorda2 the Merfolk Berserker began the quest for the Orb.
     0 | D:1      | Reached XP level 1. HP: 18/18 MP: 1/1
    45 | D:1      | You fall into a shaft and drop 1 floor!
   213 | D:1      | Reached skill level 4 in Long Blades
   213 | D:1      | Reached XP level 2. HP: 16/24 MP: 2/2
   383 | D:1      | Found a faded altar of an unknown god.
   407 | D:1      | Reached ** piety under Trog
   612 | D:2      | Reached XP level 3. HP: 29/29 MP: 3/3
  1300 | D:3      | Reached XP level 4. HP: 37/37 MP: 4/4
  1311 | D:3      | Reached skill level 5 in Long Blades
  1763 | D:3      | Found a runed translucent gate.
  1764 | D:3      | Found a runed translucent gate.
  1764 | D:3      | Found a runed translucent gate.
  1764 | D:3      | Noticed superbruh's ghost (weakling DjGl)
  2074 | D:3      | Killed superbruh's ghost
  2075 | D:3      | Reached XP level 5. HP: 42/42 MP: 5/5
  2238 | D:4      | Reached skill level 6 in Long Blades
  2305 | D:4      | Reached XP level 6. HP: 46/49 MP: 6/6
  2421 | D:4      | Noticed Pikel
  2430 | D:4      | Reached skill level 1 in Short Blades
  2437 | D:4      | Killed Pikel
  2438 | D:4      | Reached skill level 5 in Fighting
  2438 | D:4      | Reached skill level 5 in Dodging
  2438 | D:4      | Reached XP level 7. HP: 46/56 MP: 7/7
  2441 | D:4      | Reached skill level 7 in Long Blades
  2457 | D:4      | Reached *** piety under Trog
  2473 | D:4      | Reached XP level 8. HP: 6/63 MP: 8/8
  2477 | D:4      | Reached skill level 5 in Short Blades
  2480 | D:4      | HP: 2/64 [orc/+0 flail (2)]
  2485 | D:4      | HP: 3/64 [poisoned by an orc]
  2487 | D:4      | HP: 1/64 [orc/+0 flail (1)]
  2488 | D:4      | Succumbed to an orc's poison

Illustrated notes

Levels and vault maps discovered:
D:1:      erik_arrival_triangle_medium, layout_rooms,
          ebering_ecumenical_altar_abandoned, nrook_mini_vaults,
          minmay_misc_feat_encased, minmay_tetromino_s4
D:2:      layout_loops_cross
D:3:      layout_loops_cross, biasface_ghost_orc_armoury
D:4:      layout_basic, enter_ossuary_3, uniq_pikel

Skill      XL: |  1  2  3  4  5  6  7  8 |
---------------+-------------------------+-----
Long Blades    | 4 5 6 7 |  7.3
Dodging        | 3 4 5 6 |  6.0
Fighting       | 4 5 |  5.7
Short Blades   | 4 5 |  5.1
Armour         | |  1.3

Action                   |  1- 3 |  4- 6 |  7- 9 || total
-------------------------+-------+-------+-------++-------
Melee: Falchion          |    40 |       |       ||    40
       Dagger            |    72 |    34 |       ||   106
       Punch             |     1 |     1 |     1 ||     3
       Long sword        |       |     5 |       ||     5
       Great sword       |       |    23 |       ||    23
       Short sword       |       |    27 |    39 ||    66
Invok: Berserk           |       |     2 |       ||     2
       Trog's Hand       |       |     1 |     1 ||     2
  Use: Scroll            |       |     4 |     1 ||     5
       Potion            |       |       |     3 ||     3
 Stab: Sleeping          |     1 |       |       ||     1
       Invisible         |       |       |     4 ||     4
Armor: Animal skin       |     6 |       |       ||     6
       Leather armour    |    18 |     4 |       ||    22
       Plate armour      |       |    15 |       ||    15
       Chain mail        |       |     3 |       ||     3
       Scale mail        |       |    21 |    12 ||    33
Dodge: Dodged            |    66 |    29 |    69 ||   164

Table legend: (Time is in decaauts)
 A = Elapsed time spent in this place.
 B = Non-inter-level travel time spent in this place.
 C = Inter-level travel time spent in this place.
 D = Time resting spent in this place.
 E = Time spent auto-exploring this place.
 F = Levels seen in this place.
 G = Mean time per level.
                   A        B        C        D        E       F      G
               +--------+--------+--------+--------+--------+-----+--------+
         Total |   2474 |   2404 |     70 |      3 |   1603 |   4 |  618.5 |
       Dungeon |   2474 |   2404 |     70 |      3 |   1603 |   4 |  618.5 |
               +--------+--------+--------+--------+--------+-----+--------+

Top non-repeatable levels by time:
     D:3: 981 daAuts
     D:2: 635 daAuts
     D:1: 560 daAuts
     D:4: 298 daAuts
